 Dungeon Crawl Stone Soup version 0.22-a0-160-gcc81d7a (webtiles) character file.

35 vishdafish the Charmwright (level 3, 24/27 HPs)
             Began as a Demonspawn Skald on Feb 10, 2018.
             Quit the game on level 2 of the Dungeon.
             The game lasted 00:01:16 (905 turns).

vishdafish the Charmwright (Demonspawn Skald)        Turns: 905, Time: 00:01:17

Health: 24/27      AC:  3    Str: 11    XL:     3   Next: 17%
Magic:  6/6        EV: 12    Int: 15    God:
Gold:   79         SH:  0    Dex: 12    Spells: 5/6 levels left

rFire    . . .     SeeInvis .   a - +0 falchion
rCold    . . .     Gourm    .   (no shield)
rNeg     . . .     Faith    .   b - +0 leather armour
rPois    .         Spirit   +   (no helmet)
rElec    .         Reflect  .   (no cloak)
rCorr    .         Harm     .   (no gloves)
MR       .....                  (no boots)
Stlth    +.........             (no amulet)
HPRegen  0.09/turn              (no ring)
MPRegen  0.10/turn              (no ring)

@: no status effects
A: hooves 1, magic shield
a: no special abilities


You were on level 2 of the Dungeon.
You were not hungry.

You visited 1 branch of the dungeon, and saw 2 of its levels.

You collected 79 gold pieces.

Inventory:

Hand Weapons
 a - a +0 falchion (weapon)
Armour
 b - a +0 leather armour (worn)
Scrolls
 e - a scroll of random uselessness {unknown}
 f - 2 scrolls of blinking {unknown}
 i - 3 scrolls of identify {unknown}
 j - a scroll of enchant weapon {unknown}
 k - a scroll of noise {unknown}
Potions
 g - a potion of haste {unknown}
 h - a potion of curing {unknown}
 l - a potion of cancellation {unknown}
Books
 c - a book of Battle

   Spells                             Type                      Level
   a - Infusion                       Charms                       1
   b - Shroud of Golubria             Charms/Translocation         2
   c - Song of Slaying                Charms                       2
   d - Spectral Weapon                Hexes/Charms                 3
   e - Regeneration                   Charms/Necromancy            3
Comestibles
 d - a ration


   Skills:
 - Level 2.0 Fighting
 * Level 2.6 Long Blades
 - Level 1.0 Armour
 + Level 2.2 Dodging
 - Level 2.0 Spellcasting
 + Level 3.0 Charms


You had 5 spell levels left.
You knew the following spells:

 Your Spells              Type           Power        Failure   Level  Hunger
a - Infusion              Chrm           ##..         9%          1    #......


Dungeon Overview and Level Annotations

Branches:
Dungeon (2/15)

Altars:


Innate Abilities, Weirdness & Mutations

You have large cloven feet.
When hurt, damage is shared between your health and your magic reserves.


Message History

You kill the giant cockroach!
No target in view!
No target in view!
No target in view!
No target in view!
No target in view!
No target in view!
You see here a giant cockroach corpse.
You now have 65 gold pieces (gained 9).
Found an escape hatch in the ceiling.
Magic restored.
l - a murky emerald potion No target in view!
No target in view!
No target in view!
No target in view!
Found 20 stones.
You now have 79 gold pieces (gained 14).
Found a stone staircase leading up.
Are you sure you want to abandon this character and quit the game? (Confirm with "yes".)

##..### #.....< ..
#.... . .## #...#
.#.. #...###..#
#......... #...# #.#
# #...###.####...
#......@....$# #.#
###.###..##### #.# #
#.# #..# #.# #(#
#.###..# #.###.#
#......# #..<..#
#..###.###### #.....#
#...........###..##.#
##.###.####......##.#
#.# #..###.##.#


There were no monsters in sight!

Vanquished Creatures
  A dart slug (D:2)
  A leopard gecko (D:1)
  3 bats
  5 giant cockroaches
  4 goblins (D:1)
  4 hobgoblins (D:1)
  3 kobolds
  A ball python (D:1)
  A frilled lizard (D:2)
  8 rats
31 creatures vanquished.

Notes
Turn   | Place    | Note
-------+----------+-------------------------------------------
     0 | D:1      | vishdafish the Demonspawn Skald began the quest for the Orb.
     0 | D:1      | Reached XP level 1. HP: 16/16 MP: 3/3
    37 | D:1      | Reached skill level 1 in Armour
    76 | D:1      | Gained mutation: When hurt, damage is shared between your health and your magic reserves. [demonic ancestry]
    76 | D:1      | Reached XP level 2. HP: 11/22 MP: 3/5
   628 | D:1      | Reached skill level 3 in Charms
   810 | D:2      | Gained mutation: You have large cloven feet. [demonic ancestry]
   810 | D:2      | Reached XP level 3. HP: 23/27 MP: 4/6
   905 | D:2      | Quit the game

Vault maps used:
D:1:      elethiomel_arrival_shortcut, palyth_stone_intersect
D:2:      first_ration, st_stairs_12, minmay_tromino_v4_a

Skill      XL: |  1  2 |
---------------+-------+-----
Armour         | 1 |  1.0
Long Blades    | 2 |  2.6
Dodging        | 2 |  2.2
Charms         | 3 |  3.0
Fighting       | |  2.0
Spellcasting   | |  2.0

Action                   || total
-------------------------++-------
Melee: Falchion          ||    87
       Kick              ||     2
 Cast: Infusion          ||     1
 Stab: Sleeping          ||     1
Armor: Leather armour    ||    33
Dodge: Dodged            ||    59
       Rpst.: Falchion   ||    15

Table legend:
 A = Spawn XP
 B = Non-spawn XP
 C = Spawn XP percentage of total XP
 D = Spawn monster count
 E = Non-spawn monster count
 F = Spawn count percentage of total count
 G = Total turns spent on level
                    A         B        C        D         E        F      G
               +---------+---------+-------+---------+---------+-------+---------
         Total |       0 |      51 |   0.0 |       0 |      31 |   0.0 |   905
               +---------+---------+-------+---------+---------+-------+---------
           D:1 |       0 |      39 |   0.0 |       0 |      24 |   0.0 |   797
           D:2 |       0 |      12 |   0.0 |       0 |       7 |   0.0 |   108
               +---------+---------+-------+---------+---------+-------+---------
